 Dungeon Crawl Stone Soup version 0.28-a0-563-gf77a47075d (webtiles) character file.

Game seed: 6161875184064668481

164 Spaninq the Scratcher (level 5, -1/22 HPs)
             Began as a Felid Transmuter on Sept 30, 2021.
             Slain by a black bear (6 damage)
             ... on level 4 of the Dungeon.
             The game lasted 00:10:59 (4102 turns).

Spaninq the Scratcher (Felid Transmuter)            Turns: 4102, Time: 00:11:00

Health: -1/22      AC:  2    Str:  6    XL:     5   Next: 21%
Magic:  6/9        EV: 21    Int: 16    God:
Gold:   109        SH:  0    Dex: 21    Spells: 3/9 levels left
                                        Lives:  0   Deaths: 1

rFire   . . .      SeeInvis +     - Unarmed
rCold   . . .      Faith    .   (shield unavailable)
rNeg    . . .      Spirit   .   (armour unavailable)
rPois   x          Reflect  .   (helmet unavailable)
rElec   .          Harm     .   (cloak unavailable)
rCorr   .          Rampage  .   (gloves unavailable)
Will    .....                   (boots unavailable)
Stlth   ++........              (no amulet)
HPRegen 0.07/turn               (no ring)
MPRegen 0.11/turn               (no ring)

@: spider-form
A: venomous fangs, tiny, (claws 1), (fangs 3), see invisible, (speed 1), (shaggy
fur 1), (stealthy paws), no weapons or thrown items, no armour, multi-lived
a: End Transformation


You were on level 4 of the Dungeon.
You were a venomous arachnid creature.
You visited 1 branch of the dungeon, and saw 4 of its levels.

You collected 109 gold pieces.

Inventory:

Missiles
 c - 34 stones
Jewellery
 f - a ring of ice
Wands
 n - a wand of flame (9)
Scrolls
 b - 2 scrolls of teleportation {unknown}
 d - a scroll of vulnerability {unknown}
 g - 2 scrolls of enchant armour {unknown}
 h - a scroll of fog {unknown}
 i - a scroll of magic mapping {unknown}
 l - a scroll of identify {unknown}
 m - a scroll of noise {unknown}
Potions
 a - 3 potions of curing {unknown}
 e - a potion of lignification {unknown}
 j - a potion of brilliance {unknown}
 k - a potion of ambrosia {unknown}
 o - a potion of flight {unknown}


   Skills:
 + Level 2.0 Fighting
 + Level 3.6 Dodging
 * Level 4.2 Unarmed Combat
 + Level 2.6 Spellcasting
 * Level 4.0 Transmutations
 - Level 1.0 Poison Magic


You had 3 spell levels left.
You knew the following spells:

 Your Spells              Type           Power      Damage    Failure   Level
a - Beastly Appendage     Tmut           28%        N/A       12%         1
b - Wereblood             Tmut           14%        N/A       17%         2
c - Spider Form           Tmut/Pois      5%         N/A       43%         3

Your spell library contained the following spells:

 Spells                   Type           Power      Damage    Failure   Level
 Animate Skeleton         Necr           4%         N/A       41%         1
 Apportation              Tloc           4%         N/A       41%         1
 Magic Dart               Conj           8%         1d3       41%         1
 Summon Small Mammal      Summ           8%         N/A       41%         1
 Blink                    Tloc           N/A        N/A       52%         2
 Call Imp                 Summ           2%         N/A       52%         2
 Mephitic Cloud           Conj/Pois/Air  3%         N/A       67%         3
 Lesser Beckoning         Tloc           2%         N/A       73%         3
 Ice Form                 Ice/Tmut       8%         N/A       83%         4
 Manifold Assault         Tloc           2%         N/A       100%        5


Dungeon Overview and Level Annotations

Branches:
Dungeon (4/15)
 Temple: D:4-7

Altars:

Annotations:
D:2 Sigmund


Innate Abilities, Weirdness & Mutations

You are a venomous arachnid creature.
You have poisonous fangs.
You are tiny and dextrous.
Your spellcasting is less reliable in this form.
((You have sharp claws.))
((You have razor-sharp teeth.))
You have supernaturally acute eyesight. (SInv)
((You cover ground quickly. (Speed+)))
((You are covered in fur. (AC +1)))
((Your paws help you pounce on unaware monsters.))
You are incapable of wielding weapons or throwing items.
You cannot wear armour.
You gain extra lives every three experience levels.


Message History

The iguana is heavily wounded.
Your transformation is almost over.
You hit the iguana.
The iguana is almost dead.
You hear the brisk hiss of a very distant avalanche of sand.
The iguana completely misses you.
You hit the iguana but do no damage.
The iguana looks as sick as possible!
The iguana is almost dead.
You kill the iguana!
Training target 1.0 for Poison Magic reached!
Your Transmutations skill increases to level 4!
Your Poison Magic skill increases to level 1!
Your transformation has ended.
Found 10 gold pieces.
Found 9 gold pieces.
A black bear comes into view.
You see here 10 gold pieces.
Casting: Spider Form (extremely dangerous; 22% risk of failure)
Confirm with . or Enter, or press ? or * to list all spells.
The spell is extremely dangerous to cast (22% risk of failure)!
Continue anyway?
You turn into a venomous arachnid creature.
You bite the black bear!
The black bear is poisoned.
The black bear is moderately wounded.
The black bear bites you! The black bear closely misses you. x2
You hit the black bear.
The black bear looks as sick as possible!
The black bear is moderately wounded.
The black bear bites you. The black bear claws you.
The black bear completely misses you.
You bite the black bear!
The black bear is severely wounded.
The black bear barely misses you. The black bear completely misses you.
The black bear barely misses you.
You barely miss the black bear.
The black bear is severely wounded.
The black bear goes berserk!
The black bear closely misses you. The black bear claws you.
* * * LOW HITPOINT WARNING * * *
The black bear claws you.
You die...

#.###....# #.#.# ##...#
#.##.###...##### #.#
#.#..#.....##### # #.#
#..#...###......
#.##.###..###.# #######
#...........#>#
...####......#.#.#
........hs.....#.#
##.####..........#
#.###....####
$..#.........########
...###................)
................########
### ###.##...#### ##
#...# .....#


You could see a black bear (berserk, very poisoned).

Vanquished Creatures
  A water moccasin skeleton (D:4)
  An iguana (D:4)
  Robin (D:2)
  4 gnolls (D:3)
  4 adders
  2 dart slugs (D:3)
  A worm (D:3)
  An orc (D:3)
  6 bats
  2 endoplasms
  7 goblins
  7 hobgoblins
  A quokka (D:1)
  7 ball pythons
  4 frilled lizards
  7 kobolds
  5 rats
61 creatures vanquished.

Notes
Turn   | Place    | Note
-------+----------+-------------------------------------------
     0 | D:1      | Spaninq the Felid Transmuter began the quest for the Orb.
     0 | D:1      | Reached XP level 1. HP: 9/9 MP: 4/4
   296 | D:1      | Reached XP level 2. HP: 4/12 MP: 4/6
   496 | D:1      | Found a faded altar of an unknown god.
   527 | D:1      | Learned a level 2 spell: Wereblood
  1351 | D:2      | Reached XP level 3. HP: 15/15 MP: 5/7
  1355 | D:2      | Learned a level 3 spell: Spider Form
  1725 | D:2      | Noticed Robin
  1756 | D:2      | Killed Robin
  2068 | D:2      | Reached XP level 4. HP: 11/19 MP: 6/8
  2447 | D:2      | Noticed Sigmund
  3197 | D:3      | Constricted to death by a ball python
  3198 | D:3      | Reached XP level 3. HP: 0/16 MP: 6/7
  3329 | D:3      | Reached XP level 4. HP: 19/19 MP: 2/8
  3768 | D:4      | Reached XP level 5. HP: 2/22 MP: 9/9
  4078 | D:4      | Reached skill level 1 in Poison Magic
  4092 | D:4      | Noticed a black bear
  4102 | D:4      | Slain by a black bear

Illustrated notes

Levels and vault maps discovered:
D:1:      minmay_arrival_wavy_path, layout_basic,
          ebering_ecumenical_altar_abandoned, serial_bayou_ford_a
D:2:      layout_basic, uniq_sigmund, uniq_robin
D:3:      layout_basic
D:4:      layout_loops_ring, nicolae_ossuary_entry_false_entrances,
          uniq_crazy_yiuf_cottage, uniq_menkaure, uniq_edmund, uniq_duvessa

Skill      XL: |  1  2  3  4  5 |
---------------+----------------+-----
Dodging        | 3 |  3.6
Transmutations | 3 4 |  4.0
Unarmed Combat | 4 |  4.2
Fighting       | 2 |  2.0
Poison Magic   | 1 |  1.0
Spellcasting   | |  2.6

Action                   |  1- 3 |  4- 6 || total
-------------------------+-------+-------++-------
Melee: Unarmed           |   111 |    83 ||   194
       Headbutt          |    13 |     9 ||    22
       Bite              |     7 |     6 ||    13
       Punch             |     1 |       ||     1
 Cast: Beastly Appendage |    18 |    10 ||    28
       Wereblood         |     2 |     7 ||     9
       Spider Form       |     2 |     2 ||     4
 Stab: Sleeping          |     1 |     1 ||     2
Armor: Skin              |     9 |     2 ||    11
Dodge: Dodged            |    85 |    77 ||   162

Table legend: (Time is in decaauts)
 A = Elapsed time spent in this place.
 B = Non-inter-level travel time spent in this place.
 C = Inter-level travel time spent in this place.
 D = Time resting spent in this place.
 E = Time spent auto-exploring this place.
 F = Levels seen in this place.
 G = Mean time per level.
                   A        B        C        D        E       F      G
               +--------+--------+--------+--------+--------+-----+--------+
         Total |   3722 |   3582 |    140 |   1267 |   1599 |   4 |  930.5 |
       Dungeon |   3722 |   3582 |    140 |   1267 |   1599 |   4 |  930.5 |
               +--------+--------+--------+--------+--------+-----+--------+

Top non-repeatable levels by time:
     D:2: 1439 daAuts
     D:1: 1208 daAuts
     D:3: 695 daAuts
     D:4: 378 daAuts
